 Dungeon Crawl Stone Soup version 0.28-a0-834-g1a73be5ee4 (webtiles) character file.

Game seed: 14355690403924837916

55 Essalna the Firebug (level 3, -4/24 HPs)
             Began as a Demonspawn Fire Elementalist on Nov 11, 2021.
             Killed by divine providence
             ... invoked by an orc priest
              (14 damage)
             ... on level 3 of the Dungeon.
             The game lasted 00:06:30 (3013 turns).

Essalna the Firebug (Demonspawn Fire Elementalist)  Turns: 3013, Time: 00:06:31

Health: -4/24      AC:  2    Str:  8    XL:     3   Next: 67%
Magic:  5/7        EV: 12    Int: 17    God:
Gold:   93         SH:  5    Dex: 13    Spells: 6/7 levels left

rFire   . . .      SeeInvis .   j - +0 falchion
rCold   . . .      Faith    .   (no shield)
rNeg    + . .      Spirit   .   a - +0 robe
rPois   .          Reflect  +   (no helmet)
rElec   .          Harm     .   (no cloak)
rCorr   .          Rampage  .   (no gloves)
Will    .....                   (no boots)
Stlth   ++........              b - amulet of reflection
HPRegen 0.08/turn               l - ring of positive energy
MPRegen 0.10/turn               (no ring)

@: no status effects
A: demonic magic 2
a: no special abilities


You were on level 3 of the Dungeon.
You visited 1 branch of the dungeon, and saw 3 of its levels.

You collected 93 gold pieces.

Inventory:

Hand Weapons
 j - a +0 falchion (weapon)
Armour
 a - a +0 robe (worn)
Jewellery
 b - an amulet of reflection (around neck)
 l - a ring of positive energy (left hand)
Scrolls
 d - a scroll of torment {unknown}
 f - a scroll of vulnerability {unknown}
 g - a scroll of noise {unknown}
 h - a scroll of fear {unknown}
 i - a scroll of teleportation {unknown}
 k - a scroll of magic mapping {unknown}
 m - a scroll of identify {unknown}
Potions
 c - a potion of lignification {unknown}
 e - a potion of ambrosia {unknown}


   Skills:
 - Level 1.7 Dodging
 - Level 1.7 Stealth
 + Level 2.7 Spellcasting
 + Level 2.1 Conjurations
 + Level 3.3 Fire Magic


You had 6 spell levels left.
You knew the following spells:

 Your Spells              Type           Power      Damage    Failure   Level
a - Foxfire               Conj/Fire      44%        2x1d6     6%          1

Your spell library contained the following spells:

 Spells                   Type           Power      Damage    Failure   Level
 Scorch                   Fire           26%        2d6       7%          2
 Conjure Flame            Conj/Fire      11%        6-21      17%         3
 Inner Flame              Hex/Fire       7%         N/A       28%         3
 Flame Wave               Conj/Fire      11%        3d4       50%         4


Dungeon Overview and Level Annotations

Branches:
Dungeon (3/15)

Altars:

Annotations:
D:3 2 runed translucent doors, anet's ghost, amateur DECj


Innate Abilities, Weirdness & Mutations

Spells you cast may paralyse nearby enemies.


Message History

You conjure some foxfire!
Malevolent energies surge around you.
You closely miss the hobgoblin.
The foxfire hits the hobgoblin.
The hobgoblin is lightly wounded.
You block the hobgoblin's attack. x2
Casting: Foxfire (safe; 6% risk of failure)
Confirm with . or Enter, or press ? or * to list all spells.
You conjure some foxfire!
Malevolent energies surge around you.
The hobgoblin suddenly stops moving!
The helpless hobgoblin fails to defend itself.
You hit the hobgoblin.
The hobgoblin is heavily wounded.
The foxfire hits the hobgoblin.
The hobgoblin is almost dead.
Casting: Foxfire (safe; 6% risk of failure)
Confirm with . or Enter, or press ? or * to list all spells.
You miscast Foxfire.
You are very lightly contaminated with residual magic.
Nothing appears to happen.
The helpless hobgoblin fails to defend itself.
You hit the hobgoblin.
You kill the hobgoblin!
Your magical contamination has completely faded away.
An orc priest comes into view. It is wielding a +0 club.
Casting: Foxfire (safe; 6% risk of failure)
Confirm with . or Enter, or press ? or * to list all spells.
You conjure some foxfire!
Malevolent energies surge around you.
The orc priest shouts!
The orc priest mumbles some strange prayers to Beogh against you.
Beogh smites you!
Ouch! That really hurt!
The foxfire hits the orc priest but does no damage.
The foxfire hits the orc priest.
The orc priest is lightly wounded.
Casting: Foxfire (safe; 6% risk of failure)
Confirm with . or Enter, or press ? or * to list all spells.
You conjure some foxfire!
Malevolent energies surge around you.
The orc priest invokes the aid of Beogh against you.
Beogh smites you!
Ouch! That really hurt!
You die...

#.# #.# #.#
#########
#o#
#........
#.#
#.#######
#.# #.# #
#.# ####.# #
#v#####....#
#
#@v.....##.#
#
##########.#
# #.#######
#........
#########


You could see an orc priest (ally target).

Vanquished Creatures
  2 adders
  2 dart slugs
  4 endoplasms
  A giant cockroach (D:1)
  2 goblins (D:3)
  4 hobgoblins
  A quokka (D:2)
  4 ball pythons
  2 bats (D:1)
  2 frilled lizards
  7 kobolds
  2 rats (D:3)
33 creatures vanquished.

Vanquished Creatures (others)
  128 foxfires
128 creatures vanquished.

Grand Total: 161 creatures vanquished

Notes
Turn   | Place    | Note
-------+----------+-------------------------------------------
     0 | D:1      | Essalna the Demonspawn Fire Elementalist began the quest
                  | for the Orb.
     0 | D:1      | Reached XP level 1. HP: 13/13 MP: 3/3
   512 | D:1      | Found a faded altar of an unknown god.
   620 | D:1      | Gained mutation: Spells you cast may paralyse adjacent
                  | enemies. [demonic ancestry]
   620 | D:1      | Reached XP level 2. HP: 5/19 MP: 3/5
  1160 | D:1      | Reached skill level 3 in Fire Magic
  1728 | D:2      | Gained mutation: Spells you cast may paralyse nearby
                  | enemies. [demonic ancestry]
  1728 | D:2      | Reached XP level 3. HP: 24/24 MP: 1/6
  2806 | D:3      | Found a large runed translucent door.
  2806 | D:3      | Found a large runed translucent door.
  2818 | D:3      | Noticed anet's ghost (amateur DECj)
  3013 | D:3      | Killed from afar by an orc priest

Illustrated notes

Levels and vault maps discovered:
D:1:      kilobyte_arrival_exit_the_forest, layout_loops_ring,
          hellmonk_ecumenical_altar_leap_of_faith
D:2:      layout_loops_ring
D:3:      layout_loops_ring, serial_shops, shop, ebering_ghost_disaster_area

Skill      XL: |  1  2  3 |
---------------+----------+-----
Fire Magic     | 3 |  3.3
Conjurations   | 2 |  2.1
Dodging        | |  1.7
Stealth        | |  1.7
Spellcasting   | |  2.7

Action                   || total
-------------------------++-------
Melee: Unarmed           ||    14
       Falchion          ||     7
 Cast: Foxfire           ||    81
 Stab: Paralysed         ||     3
Armor: Robe              ||     7
Dodge: Dodged            ||    22
Block: Other             ||     3

Table legend: (Time is in decaauts)
 A = Elapsed time spent in this place.
 B = Non-inter-level travel time spent in this place.
 C = Inter-level travel time spent in this place.
 D = Time resting spent in this place.
 E = Time spent auto-exploring this place.
 F = Levels seen in this place.
 G = Mean time per level.
                   A        B        C        D        E       F      G
               +--------+--------+--------+--------+--------+-----+--------+
         Total |   3023 |   2975 |     48 |      0 |   2625 |   3 | 1007.7 |
       Dungeon |   3023 |   2975 |     48 |      0 |   2625 |   3 | 1007.7 |
               +--------+--------+--------+--------+--------+-----+--------+

Top non-repeatable levels by time:
     D:1: 1732 daAuts
     D:2: 767 daAuts
     D:3: 522 daAuts
